 Dungeon Crawl Stone Soup version 0.10-a0-2833-gf82d76d character file.

204 vogonpoet the Cudgeler (level 3, -2/35 HPs)
             Began as an Ogre Warper on Dec 19, 2011.
             Slain by a hound (6 damage)
             ... on Level 2 of the Dungeon.
             The game lasted 00:03:45 (1539 turns).

vogonpoet the Cudgeler (Ogre Warper)                Turns: 1539, Time: 00:03:45

HP  -2/35        AC  3     Str 16      XL: 3   Next: 43%
MP   5/5         EV 10     Int 13      God:
Gold 169         SH  0     Dex  9      Spells:  3 memorised,  2 levels left

Res.Fire  : . . .   See Invis. : .   r - +1,+2 flail
Res.Cold  : . . .   Warding    : . . b - +0 robe
Life Prot.: . . .   Conserve   : .   (shield restricted)
Res.Acid. : . . .   Res.Corr.  : .   (helmet restricted)
Res.Poison: .       Clarity    : .   (no cloak)
Res.Elec. : .       Spirit.Shd : .   (gloves unavailable)
Sust.Abil.: + .     Stasis     : .   (boots unavailable)
Res.Mut.  : .       Ctrl.Telep.: .   (no amulet)
Res.Rott. : .       Levitation : .   (no ring)
Saprovore : + . .   Ctrl.Flight: .   h - ring of sustain abilities {unknown}

@: slightly resistant to hostile enchantments, very unstealthy
A: unfitting armour, fast metabolism 1, saprovore 1, tough skin 1
a: no special abilities


You were on level 2 of the Dungeon.
You were hungry.

You visited 1 branch of the dungeon, and saw 2 of its levels.

You collected 119 gold pieces.

Inventory:

Hand weapons
 a - a +0,+0 mace
 r - a +1,+2 flail (weapon)
Missiles
 e - 20 +1 darts (quivered)
 f - 10 +0 darts of dispersal
 k - 21 +0 sling bullets of flame
Armour
 b - a +0 robe (worn)
Comestibles
 g - 2 meat rations
 i - a bread ration
 n - 2 chokos
Scrolls
 d - a scroll of blinking
 j - 3 scrolls of teleportation {unknown}
 o - a scroll of detect curse {unknown}
 s - 2 scrolls of remove curse {unknown}
 t - a scroll of magic mapping {unknown}
Jewellery
 h - a ring of sustain abilities (left hand) {unknown}
Potions
 l - 3 potions of curing {unknown}
 m - a potion of might {unknown}
 p - a potion of heal wounds {unknown}
 q - 2 potions of levitation {unknown}
 u - a potion of magic {unknown}
Books
 c - a book of Spatial Translocations

   Spells                             Type                      Level
   *Apportation                       Translocation                1
   Portal Projectile                  Translocation                2
   *Blink                             Translocation                2
   *Shroud of Golubria                Charms/Translocation         2
   Teleport Other                     Translocation                3
   Passage of Golubria                Translocation                4
   Control Teleport                   Charms/Translocation         4
 v - a book of Necromancy

   Spells                             Type                      Level
   Pain                               Necromancy                   1
   Animate Skeleton                   Necromancy                   1
   Lethal Infusion                    Charms/Necromancy            2
   Vampiric Draining                  Necromancy                   3
   Regeneration                       Charms/Necromancy            3
   Animate Dead                       Necromancy                   4
   Control Undead                     Necromancy                   4


   Skills:
 + Level 3.1 Fighting
 * Level 4.2 Maces & Flails
 - Level 1.1 Throwing
 + Level 0.7 Armour
 - Level 1.7 Dodging
 + Level 2.7 Spellcasting
 + Level 2.6 Translocations


You had 2 spell levels left.
You knew the following spells:

 Your Spells              Type           Power        Success   Level  Hunger
a - Apportation           Tloc           ##........   Great       1    Sultana
b - Blink Tloc            N/A            Very         Good        2    Choko
c - Shroud of Golubria    Chrm/Tloc      ##........   Good        2    Choko

Dungeon Overview and Level Annotations

Branches:
Dungeon (2/27)

Altars:


Innate Abilities, Weirdness & Mutations

You are too large for most types of armour.
You have a fast metabolism.
You can tolerate rotten meat.
You have tough skin (AC +1).


Message History

You barely miss the hound.
The hound is severely wounded.
The hound bites you.
You barely miss the hound.
The hound is severely wounded.
The hound bites you.
* * * LOW HITPOINT WARNING * * *
The hound misses you.
You barely miss the hound.
The hound is heavily wounded.
The hound bites you.
* * * LOW HITPOINT WARNING * * *
The hound bites you.
* * * LOW HITPOINT WARNING * * *
You miss the hound.
The hound is heavily wounded.
The hound bites you.
* * * LOW HITPOINT WARNING * * *
The hound bites you.
You die...

#.###.############ #.#
#.##.........#
#.######.........#
#.##.>...........#
#.##.............#
#.##.............#
#..'.............[
#.#.#######.....#########
#....sgh@.......#
###.#########...#
###########.#
#.........#.#
#.........#.#
#.........#.##
#............#
#............#
#............#


You could see a hound, a giant cockroach and a hobgoblin.

Vanquished Creatures
  2 oozes (D:2)
  2 giant cockroaches (D:2)
  7 goblins
  2 hobgoblins (D:1)
  3 jackals (D:2)
  3 kobolds
  5 bats
  3 giant newts (D:1)
  8 rats
35 creatures vanquished.

Vanquished Creatures (others)
  A giant newt (D:2)
1 creature vanquished.

Grand Total: 36 creatures vanquished

Notes
Turn   | Place    | Note
--------------------------------------------------------------
     0 | D:1      | vogonpoet, the Ogre Warper, began the quest for the Orb.
     0 | D:1      | Reached XP level 1. HP: 19/19 MP: 1/1
   201 | D:1      | Reached skill level 3 in Maces & Flails
   589 | D:1      | Reached XP level 2. HP: 27/27 MP: 3/3
   600 | D:1      | Learned a level 2 spell: Blink
   604 | D:1      | Learned a level 2 spell: Shroud of Golubria
  1079 | D:2      | Reached XP level 3. HP: 35/35 MP: 5/5
  1242 | D:2      | Reached skill level 4 in Maces & Flails
  1539 | D:2      | Slain by a hound
